 Dungeon Crawl Stone Soup version 0.22.1-2-g9c5b331 (webtiles) character file.

1312 Fang the Chopper (level 8, 0/75 HPs)
             Began as a Gargoyle Berserker on Dec 11, 2018.
             Was an Elder of Trog.
             Slain by a centaur (6 damage)
             ... on level 6 of the Dungeon on Dec 12, 2018.
             The game lasted 00:06:42 (4621 turns).

Fang the Chopper (Gargoyle Berserker)               Turns: 4621, Time: 00:06:42

Health: 0/75       AC: 24    Str: 22    XL:     8   Next: 58%
Magic:  8/8        EV:  2    Int:  9    God:    Trog [****..]
Gold:   295        SH:  0    Dex:  9    Spells: 7/7 levels left

rFire    . . .     SeeInvis .   b - +0 war axe
rCold    . . .     Gourm    .   (no shield)
rNeg     + + +     Faith    .   (armour currently unavailable)
rPois    ∞         Spirit   .   (helmet currently unavailable)
rElec    .         Reflect  .   (cloak currently unavailable)
rCorr    .         Harm     .   (gloves currently unavailable)
MR       .....     NoTele   +   (boots currently unavailable)
Stlth    ++........             (no amulet)
HPRegen  0.22/turn              (no ring)
MPRegen  0.11/turn              (no ring)

@: tree-form, berserk cooldown, slowed, very slow
A: negative energy resistance 1, petrification resistance, rot immunity, AC +5
a: Berserk, Trog's Hand, Brothers in Arms, Renounce Religion


You were on level 6 of the Dungeon.
You worshipped Trog.
Trog was greatly pleased with you.
You were hungry.
You were a tree.
You visited 2 branches of the dungeon, and saw 7 of its levels.

You collected 295 gold pieces.

Inventory:

Hand Weapons
 b - a +0 war axe (weapon)
Armour
 v - a +0 chain mail (melded)
Scrolls
 d - 2 scrolls of magic mapping
 e - a scroll of fear {unknown}
 f - 4 scrolls of remove curse {unknown}
 h - a scroll of noise {unknown}
 j - 2 scrolls of blinking {unknown}
 l - a scroll of amnesia {unknown}
 q - a scroll of immolation {unknown}
 r - 2 scrolls of identify {unknown}
 s - 3 scrolls of teleportation {unknown}
 u - 3 scrolls of enchant armour {unknown}
Potions
 g - 2 potions of lignification
 i - a potion of agility {unknown}
 k - 3 potions of curing {unknown}
 m - 2 potions of might {unknown}
 n - 3 potions of mutation {unknown}
 o - a potion of brilliance {unknown}
 p - a potion of degeneration {unknown}
 t - a potion of haste {unknown}
Comestibles
 a - 5 chunks of flesh
 c - 7 rations


   Skills:
 + Level 5.5 Fighting
 + Level 7.4 Axes
 + Level 3.7 Armour
 + Level 3.4 Dodging
 + Level 2.9 Stealth


You had 7 spell levels left.
You didn't know any spells.
Your spell library was empty.

Dungeon Overview and Level Annotations

Branches:
Dungeon (6/15)             Temple (1/1) D:5

Altars:
Ashenzari
Hepliaklqana
Yredelemnul
Zin


Innate Abilities, Weirdness & Mutations

You are resistant to torment.
((Your stone body is resilient. (AC +5)))
You are immune to poison.
You resist negative energy. (rN+)
((You are resistant to electric shocks. (rElec)))
((You can survive without breathing.))
You are immune to petrification.
You are immune to rotting.


Message History

The centaur hits you but does no damage.
The gnoll hits you but does no damage. The orc hits you.
* * * LOW HITPOINT WARNING * * *
You slash the centaur!
The centaur is severely wounded.
You hit the orc.
You kill the orc!
Trog accepts your kill.
The centaur hits you but does no damage.
The gnoll hits you but does no damage.
The centaur hits you but does no damage.
The gnoll barely misses you. The gnoll hits you but does no damage.
The centaur hits you but does no damage.
The gnoll hits you but does no damage.
Unknown command.
You closely miss the centaur.
The centaur is severely wounded.
The centaur hits you but does no damage.
The gnoll hits you but does no damage. x2; The centaur hits you.
You die...

****,,,**#.#.##*#.##******,*****,
######* #.#..# #...,,,,,,,,,,,,,
#....# #.##.###.######**,******
##....## #.#...........***,*
.......# #.#..%......#,,**,*
*#.....# #.##..#....#**,,*,*
##.....###....)....#*,*+,,,*
..............)[.%##,∩,**,,*
#.....#######.#)♣..#*,**,,,*
..........* #.#.)c..#**,,*,*
#.#o/####.# #.#gg.#..#,,,*,*
......# *,**#.##..#....#,*,*
#.#...#**,**.<..........,,,*
#.#...#,,,,,......####.#.********
..#...#,*,*,......# *.#,,,,,,,,,
,,*,,,*,*,,,,,..#.# *,*********,
,,*,,,,,,**,,,,,*>* *,* *,


You could see a centaur and 2 gnolls.

Vanquished Creatures
  Grinder (D:3)
  A sky beast (D:5)
  An ogre (D:6)
  A phantom (D:5)
  A centaur (D:3)
  The ghost of jlumianski the Ruffian, an amateur GrTm (D:3)
  A water moccasin zombie (D:6)
  A scorpion (D:6)
  A hound (D:5)
  6 orc wizards
  A centaur skeleton (D:5)
  Ijyb (D:3)
  Terence (D:3)
  2 worker ants (D:5)
  A hound zombie (D:4)
  A hound skeleton (D:5)
  2 gnolls (D:6)
  10 adders
  A howler monkey skeleton (D:4)
  A shadow imp (D:5)
  An ooze (D:1)
  2 worms (D:2)
  3 dart slugs
  4 leopard geckos
  9 orcs
  8 bats
  8 giant cockroaches
  16 goblins
  11 hobgoblins
  6 jackals
  9 kobolds
  A quokka (D:2)
  3 ball pythons
  4 frilled lizards
  11 rats
132 creatures vanquished.

Vanquished Creatures (others)
  A bat (D:3)
1 creature vanquished.

Grand Total: 133 creatures vanquished

Notes
Turn   | Place    | Note
-------+----------+-------------------------------------------
     0 | D:1      | Fang the Gargoyle Berserker began the quest for the Orb.
     0 | D:1      | Reached XP level 1. HP: 14/14 MP: 1/1
   100 | D:1      | Reached XP level 2. HP: 16/19 MP: 2/2
   116 | D:1      | Reached skill level 3 in Axes
   404 | D:1      | Reached XP level 3. HP: 18/24 MP: 3/3
   465 | D:1      | Reached ** piety under Trog
   894 | D:2      | Reached XP level 4. HP: 22/29 MP: 4/4
  1467 | D:2      | Reached *** piety under Trog
  1708 | D:3      | Reached XP level 5. HP: 33/33 MP: 5/5
  1764 | D:3      | Noticed Ijyb
  1796 | D:3      | Killed Ijyb
  1796 | D:3      | Reached skill level 4 in Axes
  1796 | D:3      | Reached skill level 1 in Stealth
  2279 | D:3      | Noticed Terence
  2281 | D:3      | Noticed Grinder
  2281 | D:3      | Noticed a centaur
  2292 | D:3      | Killed Terence
  2293 | D:3      | Killed a centaur
  2293 | D:3      | Reached XP level 6. HP: 31/39 MP: 6/6
  2302 | D:3      | Killed Grinder
  2302 | D:3      | Reached skill level 5 in Axes
  2302 | D:3      | Reached XP level 7. HP: 24/44 MP: 7/7
  2512 | D:3      | Reached **** piety under Trog
  2753 | D:3      | Found a runed door.
  2755 | D:3      | Noticed jlumianski's ghost (amateur GrTm)
  2885 | D:3      | Killed jlumianski's ghost
  2885 | D:3      | Reached skill level 5 in Fighting
  3472 | D:5      | Entered Level 5 of the Dungeon
  3629 | D:5      | Reached skill level 6 in Axes
  3936 | D:5      | Reached XP level 8. HP: 48/49 MP: 8/8
  4066 | D:5      | Found a shattered altar of Ashenzari.
  4084 | D:5      | Found a staircase to the Ecumenical Temple.
  4272 | D:5      | Found a basalt altar of Yredelemnul.
  4282 | D:5      | Found a hazy altar of Hepliaklqana.
  4426 | Temple   | Entered the Ecumenical Temple
  4588 | D:6      | Reached skill level 7 in Axes
  4621 | D:6      | Slain by a centaur

Skill      XL: |  1  2  3  4  5  6  7  8 |
---------------+-------------------------+-----
Axes           | 3 4 5 6 7 |  7.4
Fighting       | 4 5 |  5.5
Dodging        | 2 3 |  3.4
Stealth        | 1 2 |  2.9
Armour         | 3 |  3.7

Action                   |  1- 3 |  4- 6 |  7- 9 || total
-------------------------+-------+-------+-------++-------
Melee: Hand axe          |   114 |   200 |   160 ||   474
       War axe           |       |       |    60 ||    60
Invok: Berserk           |     1 |     1 |     2 ||     4
  Use: Scroll            |       |       |     1 ||     1
       Potion            |       |       |     1 ||     1
 Stab: Sleeping          |     1 |     5 |     1 ||     7
  Eat: Chunk             |       |     6 |     6 ||    12
       Ration            |       |       |     1 ||     1
Armor: Animal skin       |    48 |    72 |    16 ||   136
       Chain mail        |       |       |   115 ||   115
       Skin              |       |       |    51 ||    51
Dodge: Dodged            |    95 |   140 |    91 ||   326
